 Dungeon Crawl Stone Soup version 0.27.1-34-g3ba077fa99 (webtiles) character file.

Game seed: 18317494088146527563

68 cbfl8 the Sneak (level 4, -6/40 HPs)
             Began as a Minotaur Delver on Jan 20, 2022.
             Mangled by Edmund (9 damage)
             ... on level 3 of the Dungeon.
             The game lasted 00:02:14 (798 turns).

cbfl8 the Sneak (Minotaur Delver)                    Turns: 798, Time: 00:02:16

Health: -6/40      AC:  4    Str: 16    XL:     4   Next: 1%
Magic:  3/3        EV: 12    Int:  8    God:
Gold:   25         SH:  0    Dex: 12    Spells: 3/3 levels left

rFire    . . .     SeeInvis .   a - +0 hand axe
rCold    . . .     Faith    .   (no shield)
rNeg     . . .     Spirit   .   b - +0 leather armour
rPois    .         Reflect  .   (helmet restricted)
rElec    .         Harm     .   (no cloak)
rCorr    .         Rampage  .   (no gloves)
Will     +....                  j - +0 pair of boots
Stlth    ++........             (no amulet)
HPRegen  0.13/turn              i - ring of willpower
MPRegen  0.08/turn              (no ring)

@: no status effects
A: horns 2, retaliatory headbutt
a: no special abilities


You were on level 3 of the Dungeon.
You visited 1 branch of the dungeon, and saw 3 of its levels.

You collected 25 gold pieces.

Inventory:

Hand Weapons
 a - a +0 hand axe (weapon)
Armour
 b - a +0 leather armour (worn)
 j - a +0 pair of boots (worn)
Jewellery
 i - a ring of willpower (left hand)
Wands
 g - a wand of digging (3)
Scrolls
 c - a scroll of fog
 d - a scroll of magic mapping
 e - a scroll of fear
 h - 3 scrolls of acquirement {unknown}
Potions
 f - a potion of haste


   Skills:
 + Level 4.1 Fighting
 + Level 3.0 Axes
 + Level 1.0 Armour
 + Level 2.5 Dodging
 + Level 4.8 Stealth


You had 3 spell levels left.
You didn't know any spells.
Your spell library was empty.

Dungeon Overview and Level Annotations

Branches:
Dungeon (5/15)
 Temple: D:4-7

Altars:

Annotations:
D:3 Edmund


Innate Abilities, Weirdness & Mutations

You have a pair of horns on your head.
You reflexively headbutt those who attack you in melee.


Message History

Found a stone staircase leading up.
The hound barely misses you. The hound bites you. The hound misses you.
Found 20 gold pieces.
The hound bites you.
Edmund clears his throat.
The hound bites you but does no damage.
Edmund says, "People accused me of being a cutpurse!"
The hound pauses to sniff the ground.
The hound bites you but does no damage. The hound bites you but does no damage.
There is a stone staircase leading up here.
The hound bites you. Edmund completely misses you. You furiously retaliate!
You headbutt Edmund, but do no damage. The hound bites you.
You climb upwards.
Found a dagger.
There is a stone staircase leading down here.
Edmund misses you. You furiously retaliate!
You headbutt Edmund. The hound misses you. You furiously retaliate!
You headbutt the hound!
You climb downwards.
There is a stone staircase leading up here.
The hound bites you. Edmund barely misses you. You furiously retaliate!
You headbutt Edmund, but do no damage. The hound bites you.
You climb upwards.
There is a stone staircase leading down here.
You completely miss Edmund.
Edmund is lightly wounded.
You hit the hound. Edmund barely misses you. The hound barely misses you.
You furiously retaliate!
You headbutt the hound!
You kill the hound!
Your Axes skill increases to level 3!
Your Armour skill increases to level 1!
You have reached level 4!
You feel agile.
You hit Edmund but do no damage.
Edmund is lightly wounded.
Edmund hits you with a +5 flail of protection!
* * * LOW HITPOINT WARNING * * *
You closely miss Edmund. Your headbutt misses Edmund.
Edmund is lightly wounded.
Edmund hits you with a +5 flail of protection!
You die...

## # .####..
..... .
##...#...
..#####....r...
......@@.....#
).#####.......#
#.......#
#.......#
##.....##
.....# ......#
......#


You could see Edmund and a rat (asleep).

Vanquished Creatures
  2 hounds
  A worm (D:4)
  A ball python (D:4)
  2 goblins (D:4)
  A kobold (D:4)
7 creatures vanquished.

Notes
Turn   | Place    | Note
-------+----------+-------------------------------------------
     0 | D:5      | cbfl8 the Minotaur Delver began the quest for the Orb.
     0 | D:5      | Reached XP level 1. HP: 19/19 MP: 0/0
    28 | D:4      | Noticed a hound
    40 | D:4      | Killed a hound
    41 | D:4      | Reached XP level 2. HP: 2/27 MP: 1/1
    41 | D:4      | Reached XP level 3. HP: 2/33 MP: 2/2
   346 | D:4      | Noticed an ogre
   759 | D:4      | Noticed Edmund
   797 | D:3      | Reached skill level 1 in Armour
   797 | D:3      | Reached XP level 4. HP: 18/40 MP: 3/3
   798 | D:3      | Mangled by Edmund

Illustrated notes

Levels and vault maps discovered:
D:3:      layout_rooms, serial_shops, shop_fountains,
          ebering_ghost_reflecting_pool, chequers_arboretum, grunt_ministairs_4,
          uniq_grinder, uniq_sigmund
D:4:      layout_gridville, uniq_edmund
D:5:      layout_cave_pools, ashenzari_conservatory_becter,
          chequers_serial_rivers_large_a

Skill      XL: |  1  2  3 |
---------------+----------+-----
Fighting       | 4 |  4.1
Axes           | 3 |  3.0
Armour         | 1 |  1.0
Dodging        | |  2.5
Stealth        | |  4.8

Action                   |  1- 3 |  4- 6 || total
-------------------------+-------+-------++-------
Melee: Hand axe          |    28 |     2 ||    30
       Headbutt          |     8 |       ||     8
Armor: Leather armour    |    14 |       ||    14
Dodge: Dodged            |    33 |       ||    33
